 Dungeon Crawl Stone Soup version 0.18.1-50-g88ac8fd (webtiles) character file.

182 Gargoyl the Skirmisher (level 5, 0/42 HPs)
             Began as a Demonspawn Abyssal Knight on Sept 28, 2016.
             Was a Believer of Lugonu.
             Succumbed to a kobold's poison
             ... in a sewer.
             The game lasted 00:04:32 (2250 turns).

Gargoyl the Skirmisher (Demonspawn Abyssal Knight)  Turns: 2250, Time: 00:04:32

Health: 0/42       AC: 10    Str: 13    XL:     5   Next: 35%
Magic:  7/7        EV:  3    Int: 14    God:    Lugonu [**....]
Gold:   94         SH:  0    Dex: 12    Spells: 0 memorised, 4 levels left

rFire  . . .     SeeInvis .     p - +2 war axe (curse)
rCold  + . .     Gourm    .     f - +0 plate armour
rNeg   . . .     Faith    .     (no shield)
rPois  .         Spirit   .     (helmet unavailable)
rElec  .         Dismiss  .     (no cloak)
rCorr  .         Reflect  .     l - +0 pair of gloves (curse)
SustAt .         Harm     .     i - +1 pair of boots
MR     .....     Rnd*Tele +     (no amulet)
Stlth  ..........               (no ring)
                                e - ring of teleportation (curse)

@: lethally poisoned (0 -> 0), not resistant to hostile enchantments, extremely
unstealthy
A: horns 3, molten scales 1, cold resistance 1, deformed body
a: Depart the Abyss, Bend Space, Renounce Religion


You were in a sewer.
You worshipped Lugonu.
Lugonu was pleased with you.
You were not hungry.

You visited 1 branch of the dungeon, and saw 3 of its levels.
You visited the Abyss 1 time.
You also visited: Sewer.

You collected 94 gold pieces.

Inventory:

Hand Weapons
 a - a +1 hand axe
 p - a cursed +2 war axe (weapon)
Armour
 f - a +0 plate armour (worn)
 i - a +1 pair of boots (worn)
 l - a cursed +0 pair of gloves (worn)
Jewellery
 e - a cursed ring of teleportation (left hand)
Wands
 g - a wand of polymorph (5/24)
 h - a wand of acid (11/15)
Scrolls
 n - 2 scrolls of teleportation
 o - 3 scrolls of identify
Potions
 m - a potion of might
 r - a potion of magic
Comestibles
 b - a slice of pizza
 c - a bread ration
 d - a royal jelly
 j - 3 meat rations
 s - a chunk of flesh


   Skills:
 + Level 4.0 Fighting
 + Level 2.2 Axes
 * Level 3.6 Armour
 + Level 1.1 Dodging
 * Level 3.7 Invocations


You had 4 spell levels left.
You didn't know any spells.

Dungeon Overview and Level Annotations

Branches:
Dungeon (3/15)

Altars:
The Shining One


Innate Abilities, Weirdness & Mutations

You have a pair of large horns on your head.
You are partially covered in molten scales (AC +1).
Your flesh is cold resistant.
Armour fits poorly on your strangely shaped body.


Message History

You feel sick.
Things that are here:
a stone; 2 poisoned needles
* * * LOW HITPOINT WARNING * * *
You feel sick.
You enter the shallow water.
Moving in this stuff is going to be slow.
* * * LOW HITPOINT WARNING * * *
You feel sick.
You enter the shallow water.
Moving in this stuff is going to be slow.
* * * LOW HITPOINT WARNING * * *
You feel sick.
* * * LOW HITPOINT WARNING * * *
You feel sick.
You enter the shallow water.
Moving in this stuff is going to be slow.
* * * LOW HITPOINT WARNING * * *
You feel sick.
You die...

#≈≈≈# #.≈≈# #≈≈.# #≈≈.# #≈≈.##
##≈.≈# ####### #≈≈..## ##.≈≈.#
#.≈≈≈≈##### #.≈≈≈.#####..≈≈.#
#####≈≈≈≈≈########≈≈≈.≈≈≈...≈≈.##
#.≈≈≈.###≈.≈≈≈≈.####.≈.≈≈≈≈≈.####
####### #.≈.≈≈≈≈.# ##.≈.≈.≈.## #≈
#.≈≈≈≈###.....≈≈@####≈≈≈...≈####≈
#####((((≈####..≈≈##≈≈≈.≈≈..≈##..
#.)≈)≈##### ##..≈≈≈.≈.≈≈≈≈.≈≈...
####### ##.≈.≈≈.≈.≈.≈.≈≈.≈≈
#≈≈≈≈≈...∩..≈...≈≈
#≈≈≈≈≈≈....≈≈.≈≈≈≈
#≈≈...≈..∩.≈....≈≈
#≈.....≈≈≈≈...≈≈≈.
≈...≈≈≈≈.≈.≈≈.≈.≈.


There were no monsters in sight!

Vanquished Creatures
  A wasp (D:3)
  3 adders
  A gnoll (D:1)
  2 oozes (Sewer)
  2 worms (Sewer)
  A dart slug (D:1)
  A giant gecko (D:3)
  An orc (D:3)
  A ball python (Sewer)
  2 giant cockroaches
  5 hobgoblins
  3 jackals (D:1)
  4 kobolds
  2 bats
  6 giant newts
  5 goblins
  9 rats
49 creatures vanquished.

Notes
Turn   | Place    | Note
--------------------------------------------------------------
     0 | Abyss:1  | Gargoyl the Demonspawn Abyssal Knight began the quest for the Orb.
     0 | Abyss:1  | Reached XP level 1. HP: 18/18 MP: 2/2
   107 | Abyss:2  | Noticed a tentacled starspawn
   122 | Abyss:4  | Noticed a queen bee
   122 | Abyss:4  | Noticed a killer bee
   122 | Abyss:4  | Noticed a wretched star
   122 | Abyss:4  | Noticed a killer bee
   122 | Abyss:4  | Noticed a green ugly thing
   122 | Abyss:4  | Noticed a killer bee
   123 | D:1      | Escaped the Abyss
   416 | D:1      | Reached * piety under Lugonu
   416 | D:1      | Gained mutation: You have a pair of small horns on your head. [demonic ancestry]
   416 | D:1      | Reached XP level 2. HP: 24/24 MP: 3/3
   444 | D:1      | Reached skill level 1 in Dodging
  1173 | D:2      | Gained mutation: You are partially covered in molten scales (AC +1). [demonic ancestry]
  1173 | D:2      | Reached XP level 3. HP: 26/29 MP: 5/5
  1772 | D:3      | Noticed a wasp
  1780 | D:3      | Killed a wasp
  1780 | D:3      | Reached XP level 4. HP: 18/37 MP: 6/6
  1935 | D:3      | Found a faded altar to an unknown god.
  1941 | D:3      | Found a glowing golden altar of the Shining One.
  1970 | D:3      | Gained mutation: You have a pair of horns on your head. [demonic ancestry]
  1970 | D:3      | Reached XP level 5. HP: 40/42 MP: 7/7
  1971 | D:3      | Found a glowing drain.
  1995 | Sewer    | Entered a sewer
  2124 | Sewer    | Reached skill level 4 in Fighting
  2153 | Sewer    | Reached ** piety under Lugonu
  2223 | Sewer    | Gained mutation: Your flesh is cold resistant. [potion of mutation]
  2223 | Sewer    | Gained mutation: You have a pair of large horns on your head. [potion of mutation]
  2223 | Sewer    | Gained mutation: Armour fits poorly on your strangely shaped body. [potion of mutation]
  2239 | Sewer    | HP: 2/42 [poisoned by a kobold]
  2244 | Sewer    | HP: 1/42 [poisoned by a kobold]
  2250 | Sewer    | Succumbed to a kobold's poison

Skill      XL: |  1  2  3  4  5 |
---------------+----------------+-----
Axes           | 2 |  2.2
Armour         | 2 3 |  3.6
Dodging        | 1 |  1.1
Invocations    | 3 |  3.7
Fighting       | 4 |  4.0

Action                   |  1- 3 |  4- 6 || total
-------------------------+-------+-------++-------
Melee: Hand axe          |    57 |       ||    57
       Headbutt          |     9 |     7 ||    16
       War axe           |    10 |    86 ||    96
Invok: Depart the Abyss  |     1 |       ||     1
  Use: Scroll            |     8 |     1 ||     9
       Potion            |     1 |     3 ||     4
  Eat: Chunk             |     1 |       ||     1
       Bread ration      |       |     1 ||     1
Armor: Plate armour      |    62 |    81 ||   143
Dodge: Dodged            |    10 |    12 ||    22
